 Dungeon Crawl Stone Soup version 0.21-a0-591-g2314aa1 (webtiles) character file.

58 mopl the Caller (level 4, 0/30 HPs)
             Began as a Barachi Summoner on Dec 22, 2017.
             Slain by Crazy Yiuf
             ... wielding a +3 quarterstaff of chaos
              (3 damage)
             ... on level 2 of the Dungeon.
             The game lasted 00:04:26 (1350 turns).

mopl the Caller (Barachi Summoner)                  Turns: 1350, Time: 00:04:27

Health: 0/30       AC: 12    Str:  9    XL:     4   Next: 1%
Magic:  0/8        EV: 12    Int: 16    God:
Gold:   67         SH:  0    Dex: 13    Spells: 0/9 levels left

rFire    . . .     SeeInvis .   (no weapon)
rCold    . . .     Gourm    .   (no shield)
rNeg     . . .     Faith    +   a - +0 robe
rPois    .         Spirit   .   m - +0 helmet
rElec    .         Reflect  .   k - +2 cloak
rCorr    .         Harm     .   (no gloves)
MR       .....                  (no boots)
Stlth    ++........             e - amulet of faith {!P}
HPRegen  0.10/turn              d - +6 ring of protection
MPRegen  0.11/turn              o - ring of wizardry

@: lethally poisoned (0 -> -2), very slightly contaminated, drained, invisible,
slow
A: +LOS, swims, slowness 1, strong legs 1
a: Hop


You were on level 2 of the Dungeon.
You were not hungry.

You visited 1 branch of the dungeon, and saw 2 of its levels.

You collected 67 gold pieces.

Inventory:

Armour
 a - a +0 robe (worn)
 k - a +2 cloak (worn)
 m - a +0 helmet (worn)
Jewellery
 d - a +6 ring of protection (left hand)
 e - an amulet of faith (around neck) {!P}
 h - an uncursed ring of resist corrosion
 o - a ring of wizardry (right hand)
Scrolls
 g - a scroll of identify {unknown}
 i - a scroll of enchant armour {unknown}
 p - a scroll of amnesia {unknown}
 r - a scroll of magic mapping {unknown}
Potions
 j - a potion of flight {unknown}
 l - a potion of ambrosia {unknown}
 n - a potion of invisibility
 q - a potion of lignification {unknown}
Books
 b - a book of Callings

   Spells                             Type                      Level
   a - Summon Small Mammal            Summoning                    1
   b - Call Imp                       Summoning                    2
   c - Call Canine Familiar           Summoning                    3
   d - Summon Guardian Golem          Hexes/Summoning              3
   e - Summon Lightning Spire         Summoning/Air                4
   f - Summon Ice Beast               Ice/Summoning                4
Comestibles
 c - 2 rations


   Skills:
 - Level 2.1(1.9) Dodging
 - Level 1.7(1.5) Stealth
 + Level 3.0(2.8) Spellcasting
 * Level 6.1(5.8) Summonings


You couldn't memorise any spells.
You knew the following spells:

 Your Spells              Type           Power        Failure   Level  Hunger
a - Summon Small Mammal   Summ           ###.         1%          1    #......
b - Call Imp              Summ           ###.....     1%          2    ##.....
c - Call Canine Familiar  Summ           ###.....     1%          3    ###....
g - Summon Guardian Gole  Hex/Summ       ##......     7%          3    ###....


Dungeon Overview and Level Annotations

Branches:
Dungeon (2/15)

Altars:

Annotations:
D:2 Crazy Yiuf


Innate Abilities, Weirdness & Mutations

Shadows flee at your approach. (+LOS)
You can swim through water.
You cover ground slowly.
You can hop short distances.


Message History

Unknown command.
Okay, then.
Okay, then.
Your bat hits Crazy Yiuf.
Your crimson imp blinks!
Unknown command.
* * * LOW HITPOINT WARNING * * *
You feel sick.
Your bat barely misses Crazy Yiuf.
Your bat hits Crazy Yiuf but does no damage.
Crazy Yiuf hits your bat with a quarterstaff of chaos!
Your bat dies!
Your bat's corpse disappears in a puff of smoke!
All of the chunks of flesh in your inventory have rotted away.
Crazy Yiuf glowers.
Casting: Summon Small Mammal
Confirm with . or Enter, or press ? or * to list all spells.
* * * LOW HITPOINT WARNING * * *
You feel sick.
Crazy Yiuf hits you with a quarterstaff of chaos.
You die...

#.)# #.## ##.##
##.# ####..####
##.## ....5....#
##...# #####..#.#
#....# #....#.#
#....#
#.##)#.####....#
#............g.#
###...#....#.#@#
..........5.'...#
#####.#.#....#####
#.#.......#
#.#.........
#.#...........
#.##..........
..##..###......
#..# ####..


You could see Crazy Yiuf and a friendly crimson imp.

Vanquished Creatures
  A bat (D:2)
  A goblin (D:1)
  2 hobgoblins
  A jackal (D:2)
  2 frilled lizards (D:1)
  4 rats (D:1)
11 creatures vanquished.

Vanquished Creatures (collateral kills)
  Jessica (D:2)
  Robin (D:2)
  A worm (D:2)
  A dart slug (D:1)
  3 giant cockroaches
  10 goblins
  6 hobgoblins
  2 jackals (D:2)
  2 kobolds
  3 bats
  A frilled lizard (D:1)
  4 rats
35 creatures vanquished.

Grand Total: 46 creatures vanquished

Notes
Turn   | Place    | Note
-------+----------+-------------------------------------------
     0 | D:1      | mopl the Barachi Summoner began the quest for the Orb.
     0 | D:1      | Reached XP level 1. HP: 13/13 MP: 3/3
    41 | D:1      | Reached skill level 5 in Summonings
   327 | D:1      | Reached XP level 2. HP: 19/19 MP: 1/5
   430 | D:1      | Learned a level 2 spell: Call Imp
   939 | D:2      | Reached XP level 3. HP: 22/24 MP: 3/6
   944 | D:2      | Learned a level 3 spell: Call Canine Familiar
   961 | D:2      | Noticed Jessica
   971 | D:2      | Killed Jessica
   975 | D:2      | Noticed Robin
   984 | D:2      | Killed Robin
   997 | D:2      | Reached skill level 6 in Summonings
  1099 | D:2      | Reached skill level 3 in Spellcasting
  1214 | D:2      | Reached XP level 4. HP: 29/30 MP: 6/8
  1229 | D:2      | Learned a level 3 spell: Summon Guardian Golem
  1277 | D:2      | Found a runed door.
  1281 | D:2      | Noticed Crazy Yiuf
  1350 | D:2      | Slain by Crazy Yiuf

Vault maps used:
D:1:      onia_arrival_pentagram
D:2:      elyvilon_altar_4, first_ration, roderic_roman_lattice, minivault_4,
          uniq_sigmund, uniq_robin, uniq_crazy_yiuf_cottage, uniq_jessica

Skill      XL: |  1  2  3 |
---------------+----------+-----
Summonings     | 5 6 |  6.1
Spellcasting   | 3 |  3.0
Dodging        | |  2.1
Stealth        | |  1.7

Action                   |  1- 3 |  4- 6 || total
-------------------------+-------+-------++-------
Melee: Unarmed           |   134 |     5 ||   139
 Cast: Summon Small Mamm |    26 |     2 ||    28
       Call Imp          |     8 |     6 ||    14
       Call Canine Famil |     2 |       ||     2
  Use: Potion            |       |     1 ||     1
 Stab: Distracted        |     2 |       ||     2
       Sleeping          |     1 |       ||     1
  Eat: Chunk             |     3 |       ||     3
Armor: Robe              |    87 |     5 ||    92
Dodge: Dodged            |    95 |     6 ||   101

Table legend:
 A = Spawn XP
 B = Non-spawn XP
 C = Spawn XP percentage of total XP
 D = Spawn monster count
 E = Non-spawn monster count
 F = Spawn count percentage of total count
 G = Total turns spent on level
                    A         B        C        D         E        F      G
               +---------+---------+-------+---------+---------+-------+---------
         Total |       0 |      83 |   0.0 |       0 |      46 |   0.0 |  1350
               +---------+---------+-------+---------+---------+-------+---------
           D:1 |       0 |      27 |   0.0 |       0 |      21 |   0.0 |   888
           D:2 |       0 |      56 |   0.0 |       0 |      25 |   0.0 |   462
               +---------+---------+-------+---------+---------+-------+---------
